 Dungeon Crawl Stone Soup version 0.28.0-43-g3370ac3207 (webtiles) character file.

Game seed: 7516195885727293106

19324 funkygono the Thaumaturge (level 12, -4/64 HPs)
             Began as a Gargoyle Fire Elementalist on Mar 8, 2022.
             Was a Believer of Vehumet.
             Slain by an eight-headed hydra (10 damage)
             ... on level 2 of the Lair of Beasts.
             The game lasted 00:38:08 (16263 turns).

funkygono the Thaumaturge (GrFE)                   Turns: 16263, Time: 00:38:09

Health: -4/64      AC: 20    Str: 13    XL:     12   Next: 67%
Magic:  22/28      EV: 12    Int: 20    God:    Vehumet [**....]
Gold:   799        SH:  0    Dex: 10    Spells: 18/35 levels left

rFire   . . .      SeeInvis .   F - +6 demon whip (freeze)
rCold   + . .      Faith    .   (no shield)
rNeg    + + .      Spirit   .   E - +0 acid dragon scales
rPois   ∞          Reflect  .   s - +2 helmet
rElec   +          Harm     .   (no cloak)
rCorr   +          Rampage  .   y - +0 pair of gloves
Will    .....                   (no boots)
Stlth   +.........              x - amulet of regeneration
HPRegen 1.00/turn               g - ring of protection from cold
MPRegen 0.21/turn               e - ring of positive energy

@: no status effects
A: sickness immunity, AC +8, negative energy resistance 1, electricity
resistance, torment resistance 1, petrification resistance
a: Renounce Religion


You were on level 2 of the Lair of Beasts.
You worshipped Vehumet.
Vehumet was pleased with you.
You visited 3 branches of the dungeon, and saw 14 of its levels.

You collected 799 gold pieces.

Inventory:

Hand Weapons
 q - a +3 spectral whip
 F - a +6 demon whip of freezing (weapon)
Missiles
 b - 478 stones
Armour
 s - a +2 helmet (worn)
 y - a +0 pair of gloves (worn)
 E - +0 acid dragon scales (worn)
Magical Staves
 M - a staff of poison
Jewellery
 e - a ring of positive energy (right hand)
 g - a ring of protection from cold (left hand)
 k - the ring of Dithmenos's Fury {*Slow Will+ rCorr Str+6 Slay+3}
   (You found it on level 6 of the Dungeon)

   [ring of strength]

   Str:       It affects your strength (+6).
   Slay:      It affects your accuracy & damage with ranged weapons and melee
   (+3).
   rCorr:     It protects you from acid and corrosion.
   *Slow:     It may slow you when you take damage.
   Will:      It increases your willpower.
 m - a ring of resist corrosion
 x - an amulet of regeneration (around neck)
 H - a ring of flight
Wands
 r - a wand of digging (3)
 u - a wand of paralysis (17)
 G - a wand of flame (13)
Scrolls
 d - 10 scrolls of identify
 f - 5 scrolls of teleportation
 w - a scroll of magic mapping
 I - a scroll of amnesia
 K - a scroll of holy word
Potions
 a - a potion of mutation
 h - 3 potions of brilliance
 i - 2 potions of berserk rage
 l - 11 potions of curing
 o - 4 potions of might
 p - a potion of flight
 z - a potion of heal wounds
 A - a potion of cancellation
 L - 2 potions of magic
Miscellaneous
 J - a condenser vane


   Skills:
 + Level 3.0 Fighting
 + Level 0.4 Short Blades
 + Level 2.6 Maces & Flails
 + Level 4.4 Armour
 + Level 3.6 Dodging
 - Level 2.1 Stealth
 + Level 12.1 Spellcasting
 + Level 8.4 Conjurations
 + Level 11.6 Fire Magic
 * Level 2.0 Earth Magic
 + Level 4.5 Poison Magic


You had 18 spell levels left.
You knew the following spells:

 Your Spells              Type           Power      Damage    Failure   Level
a - Foxfire               Conj/Fire      100%       2x1d9     1%          1
b - Scorch                Fire           100%       2d10      1%          2
c - Conjure Flame         Conj/Fire      51%        6-21      1%          3
d - Flame Wave            Conj/Fire      51%        2d10      1%          4
e - Sting                 Tmut/Pois      84%        1d7       3%          1
f - Olgreb's Toxic Radia  Pois           30%        N/A       12%         4
g - Sandblast             Erth           40%        2d10      3%          1
h - Magic Dart            Conj           100%       1d8       1%          1

Your spell library contained the following spells:

 Spells                   Type           Power      Damage    Failure   Level
 Inner Flame              Hex/Fire       35%        N/A       2%          3
 Poisonous Vapours        Pois/Air       42%        N/A       4%          2
 Mephitic Cloud           Conj/Pois/Air  29%        N/A       4%          3
 Beastly Appendage        Tmut           24%        N/A       8%          1
 Spider Form              Tmut/Pois      21%        N/A       10%         3
 Wereblood                Tmut           12%        N/A       12%         2
 Frozen Ramparts          Ice            24%        1d4       24%         3
 Leda's Liquefaction      Hex/Erth       8%         N/A       45%         4
 Petrify                  Tmut/Erth      16%        N/A       45%         4
 Ice Form                 Ice/Tmut       12%        N/A       61%         4
 Summon Ice Beast         Ice/Summ       12%        N/A       61%         4
 Summon Mana Viper        Hex/Summ       12%        N/A       91%         5
 Summon Hydra             Summ           6%         N/A       100%        7
 Summon Horrible Things   Summ           6%         N/A       100%        8
 Shatter                  Erth           10%        3d11*     100%        9
 Sublimation of Blood     Necr           Unusable   N/A       N/A         2

Dungeon Overview and Level Annotations

Branches:
Dungeon (11/15)            Temple (1/1) D:5            Lair (2/6) D:10
    Orc (0/2) D:11
  Swamp: Lair:2-4    Shoals: Lair:2-4     Snake: Lair:2-4    Spider: Lair:2-4

Altars:
Ashenzari
Cheibriados
Dithmenos
Elyvilon
Fedhas
Gozag
Hepliaklqana
Kikubaaqudgha
Makhleb
Nemelex Xobeh
Okawaru
Qazlal
Ru
Sif Muna
Trog
Uskayaw
Vehumet
Wu Jian
Xom
Yredelemnul
Zin
The Shining One


Innate Abilities, Weirdness & Mutations

You are immune to sickness and miasma.
Your stone body is resilient. (AC +8)
You are immune to poison.
You resist negative energy. (rN+)
You are resistant to electric shocks. (rElec)
You are resistant to unholy torment.
You are immune to petrification.


Message History

The bullfrog is almost dead.
The flame wave engulfs the water moccasin!!
You kill the water moccasin!
Vehumet accepts your kill.
The flame wave engulfs the eight-headed hydra!
The eight-headed hydra is moderately wounded.
The flame wave engulfs the water moccasin!
The water moccasin is severely wounded.
The flame wave engulfs the black bear!
The black bear is heavily wounded.
You hear an angry hiss.
You hear a croak.
The water moccasin bites you. The bullfrog barely misses you.
The eight-headed hydra bites you.
The eight-headed hydra bites you but does no damage.
The eight-headed hydra bites you!
* * * LOW HITPOINT WARNING * * *
The eight-headed hydra bites you.
* * * LOW HITPOINT WARNING * * *
The eight-headed hydra bites you!
* * * LOW HITPOINT WARNING * * *
The eight-headed hydra bites you but does no damage. x3
The water moccasin bites you but does no damage.
The bullfrog misses you.
A wave of flame ripples out!
The flame wave engulfs the bullfrog!
You kill the bullfrog!
Vehumet accepts your kill.
The flame wave engulfs the eight-headed hydra!
The eight-headed hydra is heavily wounded.
The flame wave engulfs the water moccasin!
The water moccasin is almost dead.
The flame wave engulfs the black bear.
The black bear is moderately wounded.
The flame wave engulfs the black bear.
The black bear is severely wounded.
You finish channelling waves of flame.
You hear a howl!
The eight-headed hydra bites you.
* * * LOW HITPOINT WARNING * * *
The eight-headed hydra bites you!
You die...

.... .....# ##....#
....##....# ##..###
#....+....# #...#
#.........## ##†.#
#....#.....# #..#
#...S.....### ##..##
.....+hh..##.###P...#
.⌠#..#.†S..........##
....[..@D.........#
##..#......P......#
....#......P..P...#
...........P.......#
....P.........#...##
....#.........#...#
.##.#.............# .
..........#


You could see an eight-headed hydra, 2 water moccasins and 2 black bears.

Vanquished Creatures
  2 hydras (D:11)
  3 two-headed ogres
  4 skeletal warriors
  The ghost of Nicoed the Devastator, a novice DECj of Vehumet (D:7)
  An orc knight (D:10)
  2 cyclopes (D:11)
  An ugly thing (D:11)
  A black mamba (Lair:1)
  3 elephants (Lair:1)
  3 cane toads
  Maggie (D:8)
  A komodo dragon (Lair:1)
  A hornet (D:9)
  A troll (D:7)
  A polar bear (Lair:1)
  Grinder (D:3)
  A shadow (D:10)
  A vampire (D:9)
  A wyvern (D:6)
  Sigmund (D:6)
  A basilisk (Lair:1)
  5 yaks (Lair:1)
  A wraith (D:10)
  2 steam dragons
  An acid dragon (D:11)
  Duvessa (D:5)
  8 water moccasins
  6 orc warriors
  4 sky beasts
  An ice beast (D:6)
  2 necrophages
  2 ogres (D:11)
  7 wolves
  13 centaurs
  A phantom (D:5)
  A kobold brigand (D:8)
  4 bullfrogs
  3 scorpions
  A wyvern zombie (D:8)
  A wyvern skeleton (D:7)
  Dowan (D:5)
  8 killer bees
  A howler monkey (D:8)
  4 centaur zombies
  3 gnoll shamans
  A bullfrog skeleton (D:6)
  5 hounds
  4 orc priests
  Jessica (D:3)
  Ijyb (D:3)
  An iguana (D:5)
  7 orc wizards
  A killer bee zombie (D:5)
  2 hound zombies (D:5)
  2 howler monkey zombies (D:9)
  Robin (D:3)
  13 gnolls
  7 adders
  A shadow imp (D:8)
  A white imp (D:8)
  An ufetubus (D:4)
  2 worms (D:2)
  3 dart slugs
  62 orcs
  3 endoplasms
  A giant cockroach (D:3)
  10 goblins
  7 hobgoblins
  4 jackals
  A quokka (D:2)
  6 ball pythons
  3 bats
  3 frilled lizards
  13 kobolds
  3 rats
283 creatures vanquished.

Vanquished Creatures (collateral kills)
  6 foxfires (Lair:1)
6 creatures vanquished.

Vanquished Creatures (others)
  989 foxfires
  8 fungi
  6 plants
1003 creatures vanquished.

Grand Total: 1292 creatures vanquished

Notes
Turn   | Place    | Note
-------+----------+-------------------------------------------
     0 | D:1      | funkygono the Gargoyle Fire Elementalist began the quest
                  | for the Orb.
     0 | D:1      | Reached XP level 1. HP: 10/10 MP: 3/3
    17 | D:1      | Found a faded altar of an unknown god.
    43 | D:1      | Reached XP level 2. HP: 9/15 MP: 0/5
   989 | D:2      | Learned a level 2 spell: Scorch
  1193 | D:2      | Identified the +10 dagger of Mosew {venom, rC+}
  1202 | D:2      | Reached XP level 3. HP: 19/19 MP: 3/6
  1206 | D:2      | Learned a level 3 spell: Conjure Flame
  1850 | D:2      | Got the Tome of Calling and Envenoming
  2085 | D:3      | Reached XP level 4. HP: 24/24 MP: 3/7
  2198 | D:3      | Noticed Robin
  2204 | D:3      | Killed Robin
  2315 | D:3      | Noticed Ijyb
  2323 | D:3      | Paralysed by Ijyb for 7 turns
  2333 | D:3      | Killed Ijyb
  2334 | D:3      | Reached skill level 3 in Spellcasting
  2750 | D:3      | Noticed Jessica
  2753 | D:3      | Noticed Grinder
  2755 | D:3      | Killed Jessica
  2756 | D:3      | Reached XP level 5. HP: 28/28 MP: 3/10
  2781 | D:3      | Paralysed by Grinder for 5 turns
  2868 | D:3      | Killed Grinder
  2869 | D:3      | Reached skill level 4 in Spellcasting
  2869 | D:3      | Reached XP level 6. HP: 29/32 MP: 1/12
  3183 | D:4      | Reached skill level 5 in Fire Magic
  3558 | D:4      | Reached XP level 7. HP: 36/36 MP: 7/13
  4363 | D:4      | Learned a level 4 spell: Flame Wave
  4542 | D:5      | Entered Level 5 of the Dungeon
  4659 | D:5      | Found a staircase to the Ecumenical Temple.
  4692 | Temple   | Entered the Ecumenical Temple
  5148 | D:5      | Reached skill level 5 in Spellcasting
  5434 | D:5      | Reached XP level 8. HP: 35/41 MP: 9/16
  5510 | D:5      | Noticed Duvessa
  5511 | D:5      | Noticed Dowan
  5612 | D:5      | Killed Dowan
  5615 | D:5      | Killed Duvessa
  5722 | D:5      | Reached skill level 6 in Spellcasting
  5989 | D:5      | Reached skill level 1 in Armour
  6365 | D:6      | Noticed a wyvern
  6371 | D:6      | Killed a wyvern
  6493 | D:6      | Noticed Sigmund
  6500 | D:6      | Killed Sigmund
  6501 | D:6      | Reached skill level 1 in Fighting
  6549 | D:6      | Reached XP level 9. HP: 47/47 MP: 16/19
  6565 | D:6      | Reached skill level 7 in Spellcasting
  7256 | D:6      | Identified the ring of Dithmenos's Fury {*Slow Will+ rCorr
                  | Str+6 Slay+3}
  8519 | D:7      | Reached skill level 5 in Conjurations
  8527 | D:7      | Reached skill level 8 in Spellcasting
  8852 | D:7      | Noticed a troll
  8862 | D:7      | Killed a troll
  8969 | D:7      | Found a runed translucent door.
  8970 | D:7      | Noticed Nicoed's ghost (novice DECj)
  9105 | D:7      | Reached XP level 10. HP: 53/53 MP: 16/22
  9259 | D:7      | Killed Nicoed's ghost
  9260 | D:7      | Reached skill level 1 in Maces & Flails
  9507 | D:8      | Noticed a two-headed ogre
  9515 | D:8      | Killed a two-headed ogre
  9516 | D:8      | Reached skill level 9 in Spellcasting
 10346 | D:8      | Noticed Maggie
 10363 | D:8      | Killed Maggie
 10526 | D:8      | Learned a level 1 spell: Sting
 10531 | D:8      | Learned a level 4 spell: Olgreb's Toxic Radiance
 10692 | D:9      | Reached skill level 1 in Poison Magic
 10759 | D:9      | Noticed a skeletal warrior
 10759 | D:9      | Noticed a skeletal warrior
 10759 | D:9      | Noticed a skeletal warrior
 10759 | D:9      | Noticed a skeletal warrior
 10824 | D:8      | Killed a skeletal warrior
 10825 | D:8      | Reached skill level 10 in Fire Magic
 11048 | D:9      | Killed a skeletal warrior
 11049 | D:9      | Reached skill level 10 in Spellcasting
 11049 | D:9      | Reached XP level 11. HP: 18/57 MP: 3/25
 11466 | D:9      | Noticed a two-headed ogre
 11476 | D:9      | Killed a two-headed ogre
 11892 | D:9      | Killed a skeletal warrior
 12080 | D:9      | Killed a skeletal warrior
 12449 | D:10     | Entered Level 10 of the Dungeon
 12589 | D:10     | Got the Handbook of Arcane Weapons and Stones
 12684 | D:10     | Found a staircase to the Lair.
 12972 | D:10     | Noticed a two-headed ogre
 12985 | D:10     | Killed a two-headed ogre
 13021 | D:10     | Found a radiant altar of Vehumet.
 13172 | D:10     | Became a worshipper of Vehumet
 13305 | D:11     | Noticed a green ugly thing
 13315 | D:11     | Killed a green ugly thing
 13378 | D:11     | Noticed a seven-headed hydra
 13386 | D:11     | Killed a seven-headed hydra
 13387 | D:11     | Reached skill level 11 in Spellcasting
 13535 | D:11     | Noticed a cyclops
 13553 | D:11     | Killed a cyclops
 13639 | D:11     | Noticed a cyclops
 13658 | D:11     | Killed a cyclops
 13716 | D:11     | Reached * piety under Vehumet
 13716 | D:11     | Offered knowledge of Sandblast by Vehumet.
 13717 | D:11     | Reached XP level 12. HP: 60/63 MP: 15/27
 14135 | D:11     | Noticed a four-headed hydra
 14142 | D:11     | Killed a four-headed hydra
 14242 | D:11     | Found a staircase to the Orcish Mines.
 14605 | D:11     | Found an ancient bone altar of Kikubaaqudgha.
 14933 | Lair:1   | Entered Level 1 of the Lair of Beasts
 15292 | Lair:1   | Learned a level 1 spell: Sandblast
 15489 | Lair:1   | Reached ** piety under Vehumet
 15491 | Lair:1   | Offered knowledge of Magic Dart by Vehumet.
 15492 | Lair:1   | Reached skill level 1 in Earth Magic
 15769 | Lair:1   | Reached skill level 12 in Spellcasting
 16083 | Lair:1   | Learned a level 1 spell: Magic Dart
 16238 | Lair:2   | Noticed an eight-headed hydra
 16263 | Lair:2   | Slain by an eight-headed hydra

Illustrated notes

Levels and vault maps discovered:
D:1:      tarquinn_simple_flora_water_c, layout_loops_ring,
          ebering_ecumenical_altar_hall
D:2:      layout_basic, chequers_arboretum
D:3:      layout_basic, minmay_misc_feat_encased, uniq_grinder, uniq_jessica,
          uniq_robin, uniq_ijyb
D:4:      layout_basic
D:5:      layout_layer_cave, minmay_temple_entry_drinking_statues, uniq_duvessa
D:6:      layout_layer_cave, uniq_sigmund
D:7:      layout_loops_ring, gammafunk_ghost_grave
D:8:      layout_basic, enter_bailey_6, uniq_maggie
D:9:      layout_roguey
D:10:     layout_basic, mainiacjoe_overflow_alcove_4, lair_entry_dummy
D:11:     layout_roguey [special_room_orc], hiddenorc1_lemuel,
          kiku_gazebo_pond_becter
Temple:   mainiacjoe_temple_circle_huts
Lair:1:   layout_loops_ring, grunt_megastairs_1
Lair:2:   layout_chaotic_city, enter_volcano_4, beast_lair_carwin_6,
          serial_bayou_shore_a, grunt_megastairs_5

Skill      XL: |  1  2  3  4  5  6  7  8  9 10 11 12 |
---------------+-------------------------------------+-----
Fire Magic     | 4 5 6 7 9 10 11 | 11.6
Spellcasting   | 3 4 5 6 8 10 11 12 | 12.1
Conjurations   | 2 3 4 5 6 7 8 |  8.4
Armour         | 1 2 3 4 |  4.4
Fighting       | 1 2 3 |  3.0
Dodging        | 2 3 |  3.6
Maces & Flails | 1 2 |  2.6
Poison Magic   | 1 3 4 |  4.5
Earth Magic    | 2 |  2.0
Short Blades   | |  0.4
Stealth        | |  2.1

Action                   |  1- 3 |  4- 6 |  7- 9 | 10-12 || total
-------------------------+-------+-------+-------+-------++-------
Melee: Dagger            |       |     4 |       |       ||     4
       Whip              |       |       |    29 |    56 ||    85
       Punch             |       |       |     2 |     1 ||     3
       Demon whip        |       |       |       |    62 ||    62
 Cast: Foxfire           |    53 |    71 |   199 |   263 ||   586
       Scorch            |     3 |     7 |    47 |   130 ||   187
       Conjure Flame     |       |       |     2 |    15 ||    17
       Flame Wave        |       |       |     5 |    17 ||    22
       Sting             |       |       |       |     1 ||     1
  Use: Scroll            |       |       |    16 |    12 ||    28
       Potion            |       |       |       |     4 ||     4
 Stab: Distracted        |       |       |       |     1 ||     1
Armor: Robe              |     3 |     8 |     2 |       ||    13
       Leather armour    |       |       |    63 |    17 ||    80
       Acid dragon scale |       |       |       |   190 ||   190
       Steam dragon scal |       |       |       |     2 ||     2
Dodge: Dodged            |    14 |     9 |    52 |   210 ||   285
